 Dungeon Crawl Stone Soup version 0.23.2-40-g277498a001 (webtiles) character file.

Game seed: 329433367590499074

212 Dodman the Chopper (level 5, -2/47 HPs)
             Began as a Minotaur Berserker on Oct 7, 2019.
             Was a Priest of Trog.
             Slain by Grinder (4 damage)
             ... on level 4 of the Dungeon.
             The game lasted 00:10:41 (2580 turns).

Dodman the Chopper (Minotaur Berserker)             Turns: 2580, Time: 00:10:43

Health: -2/47      AC:  6    Str: 22    XL:     5   Next: 58%
Magic:  4/4        EV: 12    Int:  4    God:    Trog [***...]
Gold:   216        SH:  0    Dex: 10    Spells: 4/4 levels left

rFire    + . .     SeeInvis .   a - +0 hand axe
rCold    . . .     Gourm    .   (no shield)
rNeg     . . .     Faith    .   p - +3 leather armour {rF+}
rPois    .         Spirit   .   (helmet restricted)
rElec    .         Reflect  .   (no cloak)
rCorr    .         Harm     .   (no gloves)
MR       .....                  (no boots)
Stlth    +.........             (no amulet)
HPRegen  0.15/turn              (no ring)
MPRegen  0.09/turn              (no ring)

@: berserk cooldown, slowed, very slow
A: retaliatory headbutt, horns 2
a: Berserk, Trog's Hand, Renounce Religion


You were on level 4 of the Dungeon.
You worshipped Trog.
Trog was most pleased with you.
You were very hungry.

You visited 1 branch of the dungeon, and saw 4 of its levels.

You collected 216 gold pieces.

Inventory:

Hand Weapons
 a - a +0 hand axe (weapon)
Armour
 b - a +0 animal skin
 i - a +0 plate armour
 p - a +3 leather armour of fire resistance (worn)
Jewellery
 j - an uncursed amulet of faith {unknown}
 m - an uncursed ring of see invisible {unknown}
Wands
 f - a wand of flame (21)
 o - a wand of acid (8)
Scrolls
 d - a scroll of amnesia {unknown}
 g - 3 scrolls of identify {unknown}
 h - 2 scrolls of teleportation {unknown}
 k - 2 scrolls of enchant weapon {unknown}
Potions
 e - a potion of flight {unknown}
 l - a potion of might {unknown}
 n - a potion of berserk rage {unknown}
 q - 2 potions of curing {unknown}
 r - a potion of cancellation {unknown}
Comestibles
 c - 5 rations
 s - 2 chunks of flesh


   Skills:
 + Level 4.8 Fighting
 + Level 5.9 Axes
 + Level 3.6 Armour
 + Level 2.9 Dodging
 + Level 0.1 Stealth


You had 4 spell levels left.
You didn't know any spells.
Your spell library was empty.

Dungeon Overview and Level Annotations

Branches:
Dungeon (4/15)
 Temple: D:4-7

Altars:
Okawaru
Sif Muna

Annotations:
D:3 1 transporter
D:4 Grinder


Innate Abilities, Weirdness & Mutations

You reflexively headbutt those who attack you in melee.
You have a pair of horns on your head.


Message History

You are exhausted.
You feel yourself slow down.
s - 2 chunks of flesh You see here an iguana skeleton.
You barely miss Grinder.
Grinder is heavily wounded.
Grinder says, "You look like you could use a good racking."
Grinder hits you.
You writhe in agony.
Grinder hits you.
* * * LOW HITPOINT WARNING * * *
You barely miss Grinder.
Grinder is heavily wounded.
Grinder hits you but does no damage.
You slash Grinder! You headbutt Grinder, but do no damage.
Grinder is severely wounded.
Grinder hits you!
* * * LOW HITPOINT WARNING * * *
You writhe in agony.
* * * LOW HITPOINT WARNING * * *
Grinder hits you.
You die...

#..## . #...####.. .
##........ .. #.......(
... ##........ ....
##......... .....
###...#......
......######....####....
......5@รท.......# #...
##..........##..# #..
#.......######...# ..
#.......# ##...#
#.......# #...#
#.......# ....#
........# .....
........# .......


You could see Grinder.

Vanquished Creatures
  Ijyb (D:3)
  An iguana (D:4)
  7 adders
  2 oozes
  3 worms
  3 dart slugs
  4 leopard geckos
  An orc (D:3)
  3 ball pythons
  10 bats
  2 giant cockroaches
  4 goblins
  6 hobgoblins
  6 jackals
  2 quokkas (D:3)
  4 frilled lizards
  10 kobolds
  4 rats
73 creatures vanquished.

Notes
Turn   | Place    | Note
-------+----------+-------------------------------------------
     0 | D:1      | Dodman the Minotaur Berserker began the quest for the Orb.
     0 | D:1      | Reached XP level 1. HP: 19/19 MP: 0/0
    70 | D:1      | Reached XP level 2. HP: 23/27 MP: 1/1
   200 | D:1      | Reached skill level 4 in Axes
   503 | D:1      | Reached XP level 3. HP: 33/33 MP: 2/2
   763 | D:1      | Reached ** piety under Trog
   991 | D:2      | Found an iron altar of Okawaru.
  1020 | D:2      | Reached XP level 4. HP: 30/41 MP: 3/3
  1076 | D:2      | You fall through a shaft!
  1099 | D:3      | Reached skill level 5 in Axes
  1325 | D:3      | Noticed Ijyb
  1332 | D:3      | Killed Ijyb
  1666 | D:3      | Found a transporter.
  1720 | D:3      | Reached XP level 5. HP: 42/47 MP: 4/4
  1825 | D:3      | Found a deep blue altar of Sif Muna.
  2338 | D:2      | Found a faded altar of an unknown god.
  2403 | D:2      | Reached *** piety under Trog
  2559 | D:4      | Noticed Grinder
  2580 | D:4      | HP: 2/47 [Grinder (4)]
  2580 | D:4      | Slain by Grinder

Skill      XL: |  1  2  3  4 |
---------------+-------------+-----
Axes           | 4 5 |  5.9
Fighting       | 4 |  4.8
Armour         | 3 |  3.6
Dodging        | |  2.9
Stealth        | |  0.1

Action                   |  1- 3 |  4- 6 || total
-------------------------+-------+-------++-------
Melee: Hand axe          |    86 |    90 ||   176
       Headbutt          |    11 |    15 ||    26
Invok: Berserk           |       |     2 ||     2
  Eat: Chunk             |       |     6 ||     6
Armor: Animal skin       |     4 |       ||     4
       Plate armour      |    24 |    10 ||    34
       Leather armour    |       |    21 ||    21
Dodge: Dodged            |    67 |    61 ||   128
